 Dungeon Crawl Stone Soup version 0.29-a0-559-g359e09b9d1 (webtiles) character file.

Game seed: 10591475950347525592

4 DocClef the Covert (level 1, -1/23 HPs)
             Began as a Gnoll Delver on June 9, 2022.
             Slain by a river rat (3 damage)
             ... on level 5 of the Dungeon.
             The game lasted 00:00:13 (36 turns).

DocClef the Covert (Gnoll Delver)                     Turns: 36, Time: 00:00:13

Health: -1/23      AC:  3    Str: 11    XL:     1   Next: 70%
Magic:  1/1        EV: 13    Int:  9    God:
Gold:   0          SH:  0    Dex: 13    Spells: 0/0 levels left

rFire   . . .      SeeInvis .   a - +0 short sword
rCold   . . .      Faith    .   (no shield)
rNeg    . . .      Spirit   .   b - +0 leather armour
rPois   .          Reflect  .   (no helmet)
rElec   .          Harm     .   (no cloak)
rCorr   .          Rampage  .   (no gloves)
Will    .....                   (no boots)
Stlth   ++++......              (no amulet)
HPRegen 0.07/turn               (no ring)
MPRegen 0.07/turn               (no ring)

@: no status effects
A: fangs 1, strong nose, distributed training
a: no special abilities


You were on level 5 of the Dungeon.
You visited 1 branch of the dungeon, and saw 1 of its levels.

Inventory:

Hand Weapons
 a - a +0 short sword (weapon)
Armour
 b - a +0 leather armour (worn)
Wands
 g - a wand of digging (3)
Scrolls
 c - a scroll of fog
 e - a scroll of fear
Potions
 f - a potion of haste


   Skills:
 + Level 6.4 Fighting
 + Level 4.4 Short Blades
 + Level 0.1 Long Blades
 + Level 0.1 Axes
 + Level 0.1 Maces & Flails
 + Level 0.1 Polearms
 + Level 0.1 Staves
 + Level 0.1 Slings
 + Level 0.1 Bows
 + Level 0.1 Crossbows
 + Level 0.1 Throwing
 + Level 0.1 Armour
 + Level 4.4 Dodging
 + Level 9.5 Stealth
 + Level 0.1 Shields
 + Level 0.1 Unarmed Combat
 + Level 0.1 Spellcasting
 + Level 0.1 Conjurations
 + Level 0.1 Hexes
 + Level 0.1 Summonings
 + Level 0.1 Necromancy
 + Level 0.1 Translocations
 + Level 0.1 Transmutations
 + Level 0.1 Fire Magic
 + Level 0.1 Ice Magic
 + Level 0.1 Air Magic
 + Level 0.1 Earth Magic
 + Level 0.1 Poison Magic
 + Level 0.2 Invocations
 + Level 0.1 Evocations


You couldn't memorise any spells.
You didn't know any spells.
Your spell library was empty.

Dungeon Overview and Level Annotations

Branches:
Dungeon (5/15)
 Temple: D:4-7

Altars:

Portals:
Sewer: D:5


Innate Abilities, Weirdness & Mutations

You have very sharp teeth.
Your uncanny sense of smell can sniff out nearby items.
Your experience applies equally to all skills.


Message History

The worm is heavily wounded.
You hit the worm.
The worm is heavily wounded.
You hit the worm. Your bite misses the worm.
The worm is severely wounded.
The worm barely misses you.
You hit the worm. You bite the worm.
You kill the worm!
You hit the river rat but do no damage. The river rat closely misses you.
You closely miss the river rat. The river rat bites you!
You closely miss the river rat. The river rat misses you.
You hit the river rat.
The river rat is lightly wounded.
The river rat bites you!
You are too injured to fight recklessly!
You are too injured to fight recklessly!
You are too injured to fight recklessly!
You are too injured to fight recklessly!
You are too injured to fight recklessly!
You are too injured to fight recklessly!
You are too injured to fight recklessly!
You are too injured to fight recklessly!
You are too injured to fight recklessly!
You are too injured to fight recklessly!
You are too injured to fight recklessly!
You are too injured to fight recklessly!
You are too injured to fight recklessly!
You are too injured to fight recklessly!
You are too injured to fight recklessly!
You are too injured to fight recklessly!
You hit the river rat.
The river rat is moderately wounded.
You hit the river rat. Your bite misses the river rat.
The river rat is severely wounded.
The river rat bites you!
* * * LOW HITPOINT WARNING * * *
You hit the river rat but do no damage.
The river rat is severely wounded.
The river rat bites you.
You die...

,,,,,,,,,*,,,,*,,,,,,,,,,,,***,,,
,,,,**,,,*#...#######..,,,,***,,,
,,,***,,,,#...,.≈......,.,,*,*,,,
**,,***,**#.#.*#≈≈≈≈≈#*.#,,,,,,*,
***,,,,,,*#...##≈≈≈≈≈##.#*,,,,**,
,***,,,,,,....≈≈.....≈≈.#.,,,,,,,
** **,,...,*#.≈≈.....≈≈...,,,,,,,
* **,....,#.≈≈r.∩.......,,,,,,,
**** *,.....#≈≈†@....≈≈...,,,,<,,
,,,***,.....#.≈≈.....≈≈...,,,,,,,
,,,*#.......#.##≈≈.≈≈##...,,,,***
*,,*..........##≈≈.≈≈##[..,,,,,**
*,,,............†..≈......,,,,,**
,,,,.....####....#.##.....,,,,,,*
,,,,......##...###........,,,,,,,
,,,,......#.<.## ##.......,,,,,,,
,,,,........### *,.......,,,**<,


You could see a river rat.

Vanquished Creatures
  A worm (D:5)
  A bat (D:5)
2 creatures vanquished.

Notes
Turn   | Place    | Note
-------+----------+-------------------------------------------
     0 | D:5      | Reached skill level 9 in Stealth
     0 | D:5      | DocClef the Gnoll Delver began the quest for the Orb.
     0 | D:5      | Reached XP level 1. HP: 23/23 MP: 1/1
     6 | D:5      | Found a glowing drain.
    36 | D:5      | Slain by a river rat

Illustrated notes

Levels and vault maps discovered:
D:5:      layout_cave_pools, cheibrodos_sewer_entry_sluice, serial_shops, shop,
          lexackson_kobold_supper, uniq_edmund, uniq_prince_ribbit1,
          uniq_grinder, uniq_ijyb

Skill      XL: | |
---------------+-+-----
Stealth        | |  9.5
Fighting       | |  6.4
Short Blades   | |  4.4
Long Blades    | |  0.1
Axes           | |  0.1
Maces & Flails | |  0.1
Polearms       | |  0.1
Staves         | |  0.1
Slings         | |  0.1
Bows           | |  0.1
Crossbows      | |  0.1
Throwing       | |  0.1
Armour         | |  0.1
Dodging        | |  4.4
Shields        | |  0.1
Unarmed Combat | |  0.1
Spellcasting   | |  0.1
Conjurations   | |  0.1
Hexes          | |  0.1
Summonings     | |  0.1
Necromancy     | |  0.1
Translocations | |  0.1
Transmutations | |  0.1
Fire Magic     | |  0.1
Ice Magic      | |  0.1
Air Magic      | |  0.1
Earth Magic    | |  0.1
Poison Magic   | |  0.1
Invocations    | |  0.2
Evocations     | |  0.1

Action                   || total
-------------------------++-------
Melee: Short sword       ||    16
       Bite              ||     1
  Use: Scroll            ||     1
Armor: Leather armour    ||     4
Dodge: Dodged            ||     9

Table legend: (Time is in decaauts)
 A = Elapsed time spent in this place.
 B = Non-inter-level travel time spent in this place.
 C = Inter-level travel time spent in this place.
 D = Time resting spent in this place.
 E = Time spent auto-exploring this place.
 F = Levels seen in this place.
 G = Mean time per level.
                   A        B        C        D        E       F      G
               +--------+--------+--------+--------+--------+-----+--------+
         Total |     34 |     34 |      0 |      0 |      0 |   1 |   34.0 |
       Dungeon |     34 |     34 |      0 |      0 |      0 |   1 |   34.0 |
               +--------+--------+--------+--------+--------+-----+--------+

Top non-repeatable levels by time:
     D:5: 34 daAuts
